[Event "MPL-4 Indian Chess Tour 2022"]
[Site "Chess24"]
[Date "2022.09.27"]
[Round "7.4"]
[White "Vaibhav, Suri"]
[Black "Karthikeyan, Murali"]
[Result "1/2-1/2"]
[ECO "C47"]
[WhiteElo "2600"]
[BlackElo "2623"]
[Annotator "TA"]
[PlyCount "73"]
[EventDate "2022.09.29"]
[EventType "tourn (rapid)"]
[EventCountry "NET"]
[SourceTitle "playchess.com"]
[Source "ChessBase"]
[SourceQuality "1"]
[WhiteTeam "India"]
[BlackTeam "India"]
[WhiteTeamCountry "IND"]
[BlackTeamCountry "IND"]
[TimeControl "900+10"]

1. e4 e5 2. Nf3 Nc6 3. Nc3 Nf6 4. d4 exd4 5. Nxd4 Bb4 6. Nxc6 bxc6 7. Bd3 d5 8. Bd2 O-O 9. O-O Bxc3 {[%emt 0:00:29] C47: Scotch Four Knights and Four Knights with 4 g3.} (9... Rb8 {is more complex.} 10. Re1 Re8 11. exd5 Rxe1+ 12. Qxe1 cxd5 13. a3 Bf8) 10. Bxc3 dxe4 $1 {[%emt 0:02:07][%mdl 4] is currently scoring better than 10...Nxe4.} 11. Bxf6 {[%emt 0:00:04][%mdl 64] [#] Remove Defender} Qxf6 12. Bxe4 Qxb2 13. Bxc6 Rb8 (13... Ba6 {looks sharper.} 14. Rb1 Qf6 15. Bxa8 Bxf1 16. Qf3 Bc4) 14. Rb1 Qxb1 15. Qxb1 Rxb1 16. Rxb1 $11 {[%emt 0:00:00][%mdl 4096] [#] Endgame KRB-KRB} Bf5 $146 (16... Rd8 $11 {keeps the balance.}) ({Predecessor:} 16... Rd8 17. Bf3 Bf5 18. Rb7 Bxc2 19. Rxc7 Be4 20. Be2 g5 21. h3 a5 22. Ra7 Ra8 {½-½ (37) Andreikin,D (2724)-Rapport,R (2762) Belgrade 2022}) 17. Rb7 $16 Rd8 {[%emt 0:00:06][%cal Rd8d1] [#]} 18. h3 h5 ({Better is} 18... g5 $14) 19. Rxa7 Rd1+ 20. Kh2 Rd2 21. c4 ({Much weaker is} 21. Rxc7 Rxc2 22. a4 Rc5 $11) 21... Rxf2 22. a4 ({Of course not} 22. Rxc7 Rxa2 23. Bd5 Be6 $11) 22... Rc2 23. Bd5 Ra2 24. Rxc7 Be6 25. Bc6 (25. Bxe6 $16 fxe6 26. Ra7) 25... g5 {[%emt 0:00:23] The position is equal.} 26. c5 Ra3 27. Bb5 g4 28. hxg4 hxg4 {[%emt 0:00:00] ( -> ...g3+)} 29. g3 Ra2+ 30. Kg1 Ra3 31. Kf2 Ra2+ 32. Kf1 Ra1+ 33. Ke2 Ra2+ 34. Ke1 {[%emt 0:00:40] Re7 is the strong threat.} Ra1+ 35. Ke2 {[%emt 0:00:23] Threatens to win with Re7.} Ra2+ 36. Ke1 {[%emt 0:00:18] Black must now prevent Re7.} Ra1+ 37. Ke2 {[%emt 0:00:12] Weighted Error Value: White=0.13 (very precise) /Black=0.08 (flawless)} 1/2-1/2

[Event "MPL-4 Indian Chess Tour 2022"]
[Site "Chess24"]
[Date "2022.09.27"]
[Round "7.5"]
[White "Bharath Subramaniyam H"]
[Black "Adhiban, B.."]
[Result "0-1"]
[ECO "A20"]
[WhiteElo "2495"]
[BlackElo "2603"]
[Annotator "TA"]
[PlyCount "164"]
[EventDate "2022.09.29"]
[EventType "tourn (rapid)"]
[EventCountry "NET"]
[SourceTitle "playchess.com"]
[Source "ChessBase"]
[SourceQuality "1"]
[WhiteTeam "India"]
[BlackTeam "India"]
[WhiteTeamCountry "IND"]
[BlackTeamCountry "IND"]
[TimeControl "900+10"]

1. c4 e5 2. Nf3 e4 3. Nd4 Nc6 4. e3 Nf6 5. Nc3 Bb4 6. Qb3 {[%emt 0:00:13] A20: English Opening: 1...e5.} Bc5 {[%emt 0:01:15] 6...a5 injects fresh life into this line.} 7. Nde2 O-O 8. Ng3 {[%emt 0:00:03] The position is equal.} Re8 9. a3 b6 10. Qc2 Bb7 {[%emt 0:00:02] [#]} 11. b4 $146 ({Predecessor:} 11. Be2 Ne5 12. O-O Bf8 13. b4 c5 14. bxc5 Rc8 15. Bb2 Rxc5 16. Ncxe4 Nxe4 17. Nxe4 {½-½ (43) Cardoso,S (2166)-Permykov,A (2370) LSS email 2017}) 11... Bf8 12. Bb2 a5 13. b5 Ne5 14. Ncxe4 Nxe4 15. Nxe4 d5 16. cxd5 Qxd5 (16... Bxd5 $11 17. h4 h6) 17. Nc3 (17. Ng5 $16 Nd3+ 18. Bxd3 Qxg5 19. Bxh7+ Kh8 20. Bd3) 17... Qe6 $11 18. O-O-O (18. Ne2 $11 {keeps the balance.}) 18... Nc4 $17 19. Qb3 Nxb2 20. Qxe6 Nxd1 $2 ({Much worse is} 20... Rxe6 21. Kxb2 Bd6 22. h4 $11) (20... Nd3+ $1 $17 {keeps the pressure on.} 21. Bxd3 Bxa3+ 22. Kc2 Rxe6) 21. Qa2 $16 Nxf2 22. Rg1 $36 {[%emt 0:00:59][%mdl 2048] White is on the roll.} Rad8 23. Bc4 Nd3+ 24. Bxd3 (24. Kb1 $1 $16 Rd7 25. Rf1) 24... Rxd3 $11 25. Rf1 Rd7 {[%emt 0:00:30] Active counter play!} 26. Rf2 g6 27. a4 Bg7 {[%emt 0:00:14] This bishop pair is nice.} 28. Qc4 Re5 29. Qg4 Rde7 30. Rf4 (30. Qd4 $14) 30... h5 31. Qe2 Rg5 $2 (31... Bh6 $1 $11 32. Rf2 Rxe3 $1 33. dxe3 Rxe3) 32. g3 $2 (32. Qd3 $18) 32... Rge5 (32... Bxc3 $11 33. dxc3 Rge5) 33. Qd3 $16 Re8 {[%emt 0:00:17] Against Qd8} 34. Rc4 R5e7 35. Nd5 Bxd5 36. Qxd5 Be5 37. Kc2 Bd6 38. Rc6 (38. g4 $16) 38... Re5 (38... Re4 $11) 39. Qd4 ({White should play} 39. Qd3 $1 $16) 39... Re4 $11 40. Qa1 h4 41. gxh4 Rxh4 42. Qf6 $2 (42. h3 $11) 42... Rxa4 $19 43. Rxd6 cxd6 44. Qxd6 {[%emt 0:00:00][%mdl 4096] Endgame KQ-KRR} Re6 45. Qd8+ Kg7 46. h4 Rc4+ 47. Kd1 Rc5 (47... Rf6 $19 48. h5 gxh5) 48. Qd4+ $17 Kh7 49. Qd7 Kg7 (49... Rf5 $1 $17 {White must now prevent ...Ree5.} 50. Qc7 Ref6) 50. Ke2 (50. Qd4+ $11 Kh7 51. Qd7) 50... Ree5 {[%emt 0:00:53] Threatens to win with ...Red5.} 51. d4 Rcd5 52. Qc7 Re6 (52... Rh5 $17 53. Qxb6 Rxb5) 53. Qc4 $11 {[%emt 0:00:02] [#]} Red6 (53... Rd7 $1 $17 {[%cal Rd7e7] ...Rde7 is the strong threat.} 54. Kd2 Rde7) 54. Qc7 Rf6 55. Qc4 Rfd6 (55... Rh5 $17 56. d5 a4) 56. Qc7 Re6 ({Better is} 56... a4 $11) 57. Qc4 $17 {[%emt 0:00:02] [#]} Rd7 58. d5 $2 (58. Kd2 $17 {is a better chance.}) 58... Re5 $19 59. Qd4 (59. h5 {is the only way for White.} gxh5 60. Qd4 Rdxd5 61. Qxb6) 59... Rdxd5 60. Qxb6 Rxb5 61. Qd4 Rbd5 62. Qa1 Kg8 63. Kf3 {[%emt 0:00:16] Inhibits Re4.} (63. Qa4 $142) 63... Re8 {[%emt 0:00:24] Hoping for ...Rd3.} 64. Qa4 Rde5 65. Kf2 Rxe3 {[%emt 0:00:49] ( -> ...Re2+)} 66. Qxa5 Re2+ 67. Kf3 R2e3+ 68. Kf2 $1 R3e5 {[%emt 0:00:01] Black mates.} 69. Qa4 Re2+ 70. Kf1 R2e4 71. Qd7 R8e5 72. Qc8+ Kg7 73. Qc3 Kh7 74. Kg2 Re2+ 75. Kf1 Re1+ 76. Kg2 R5e2+ 77. Kf3 Re3+ 78. Qxe3 Rxe3+ 79. Kxe3 Kh6 80. Kf3 Kh5 81. Kg3 f5 82. Kh3 f4 {[%emt 0:00:00] Both players deserved the win here.  Weighted Error Value: White=0.37/Black=0.28 (precise)} 0-1

[Event "MPL-4 Indian Chess Tour 2022"]
[Site "Chess24"]
[Date "2022.09.27"]
[Round "7.6"]
[White "Aronyak Ghosh"]
[Black "Narayanan.S.L"]
[Result "1/2-1/2"]
[ECO "D10"]
[WhiteElo "2519"]
[BlackElo "2657"]
[Annotator "TA"]
[PlyCount "86"]
[EventDate "2022.09.29"]
[EventType "tourn (rapid)"]
[EventCountry "NET"]
[SourceTitle "playchess.com"]
[Source "ChessBase"]
[SourceQuality "1"]
[WhiteTeam "India"]
[BlackTeam "India"]
[WhiteTeamCountry "IND"]
[BlackTeamCountry "IND"]
[TimeControl "900+10"]

1. c4 c6 2. Nc3 d5 3. d4 Nf6 4. cxd5 cxd5 5. Bf4 Nc6 6. e3 Bg4 {[%emt 0:00:01] The position is equal.} 7. Be2 {[%emt 0:00:51] D10: Slav Defence: 3 cxd5 (without early Nf3) and 3 Nc3.} Bxe2 8. Ngxe2 e6 9. O-O Be7 10. Qb3 Qd7 {[%emt 0:00:19] [#]} 11. Nc1 $146 ({Predecessor:} 11. Rac1 O-O 12. Bg5 Na5 13. Qa4 Qxa4 14. Nxa4 Rfc8 15. Rxc8+ Rxc8 16. Rc1 Rc4 17. Bxf6 Bxf6 {½-½ (57) Sibashvili,G (2180)-Khegay,D (2327) Budva 2013}) 11... Nh5 12. Be5 O-O 13. Nd3 Rfc8 14. Rfc1 f6 (14... g6 {keeps more tension.} 15. h3 Ng7 16. g4 b6) 15. Bg3 Nxg3 16. hxg3 Na5 17. Qb5 Qxb5 18. Nxb5 {[%emt 0:00:00] Black must now prevent Nc7.} Nc4 19. b3 a6 20. Nc3 Nb6 21. a4 Rc6 22. Ne2 Rac8 23. Rxc6 Rxc6 24. Rc1 Rxc1+ 25. Nexc1 $11 {[%emt 0:00:04][%cal Be2c1,Bc1a2,Ba2c3][%mdl 4128] Endgame KBN-KNN} Nd7 26. Kf1 Kf7 27. Ke2 e5 28. Na2 Ke6 29. Nc3 h5 30. dxe5 fxe5 31. e4 d4 32. Nd5 Nf6 33. Nxf6 gxf6 {[%emt 0:00:07] KB-KN} 34. f4 Bd6 35. f5+ Kf7 36. Kf3 Kg7 37. g4 Kh6 38. gxh5 Kxh5 39. Nf2 a5 40. Nd3 b6 41. Nb2 Ba3 42. Nd3 Kg5 43. Nf2 Bc5 {[%emt 0:00:27] Not much happened in this game.  Weighted Error Value: White=0.03 (flawless) /Black=0.02 (flawless)} 1/2-1/2

[Event "MPL-4 Indian Chess Tour 2022"]
[Site "Chess24"]
[Date "2022.09.27"]
[Round "7.7"]
[White "Iniyan, P."]
[Black "Mohammad Nubairshah Shaikh"]
[Result "0-1"]
[ECO "D23"]
[WhiteElo "2556"]
[BlackElo "2461"]
[Annotator "TA"]
[PlyCount "94"]
[EventDate "2022.09.29"]
[EventType "tourn (rapid)"]
[EventCountry "NET"]
[SourceTitle "playchess.com"]
[Source "ChessBase"]
[SourceQuality "1"]
[WhiteTeam "India"]
[BlackTeam "India"]
[WhiteTeamCountry "IND"]
[BlackTeamCountry "IND"]
[TimeControl "900+10"]

1. d4 d5 2. c4 c6 3. Nf3 Nf6 4. Qc2 dxc4 5. Qxc4 Bg4 6. Nbd2 Nbd7 {[%emt 0:00:14] D23: Queen's Gambit Accepted: 3 Nf3 Nf6 sidelines.} 7. g3 e6 8. Bg2 Be7 {[%emt 0:00:08] The position is equal.} 9. O-O O-O 10. Qb3 Qb6 11. Nc4 Qa6 12. Bf4 Rfd8 13. Bc7 {[%emt 0:00:16] [#] Against Nb6} Rdc8 $146 ({Predecessor:} 13... Re8 14. Bd6 Rad8 15. Rfe1 Nb6 16. Bxe7 Rxe7 17. Nce5 Bf5 18. e3 Be4 19. Bf1 Qa5 {½-½ (75) Fridman,D (2588)-Karjakin,S (2566) Playchess.com INT 2004}) 14. Bd6 Bxd6 15. Nxd6 Rc7 16. e3 c5 17. Nb5 Rcc8 {[%emt 0:01:27] aiming for ...c4.} 18. Rfc1 Rab8 19. a4 cxd4 20. Nfxd4 e5 21. Nc2 (21. Nf3 $14) 21... Be6 22. Qa3 Qb6 23. Nd6 Rc5 24. Qd3 (24. Nb5 $1 $11 {remains equal.}) 24... Qxb2 {[%emt 0:01:31] Threatens to win with ...Bb3.} 25. Rab1 Qc3 26. Qxc3 Rxc3 27. Bxb7 Nc5 28. Nb5 {[%emt 0:01:29] [#]} (28. Bd5 $1 $11 Nb3 29. Bxb3 (29. Bxe6 fxe6 30. Rb2 Rd8 $15) 29... Rbxb3 30. Rxb3 Bxb3 31. Rb1) 28... Rb3 $1 $17 {[%emt 0:00:35] Black has more active pieces.} 29. Rxb3 Nxb3 ({Worse is} 29... Bxb3 30. Na1 Nd3 31. Rc3 Bxa4 32. Nd6 $15) 30. Rd1 {[%emt 0:00:01][%cal Ob5a7] [#]} Nc5 $1 31. Bf3 Bb3 $36 {[%emt 0:00:26][%mdl 2048] White is under strong pressure.} 32. Rd2 {[%emt 0:00:13] White does not recover from this.} (32. Nba3 $17) 32... Nce4 $19 (32... Bxa4 33. Nca3 $17) (32... Nxa4 33. Nxa7 Nc5 34. Nc6 $11) 33. Bxe4 Nxe4 34. Re2 Bxa4 35. Nxa7 (35. Nba3 $142) 35... Rb7 36. f3 Nf6 ({And not} 36... Rxa7 37. fxe4 Bc6 38. Ne1 $17) 37. Ne1 Rxa7 38. Ra2 Ra8 39. Nd3 Nd7 40. Nb4 Kf8 41. f4 exf4 42. exf4 Nb6 43. Rb2 Bd7 {[%emt 0:00:08] Black is clearly winning.} 44. Nd3 Nc4 45. Re2 Bg4 46. Rc2 Ra1+ 47. Kf2 {[%emt 0:00:04] [#]} Rf1+ $3 {[%emt 0:00:07][%mdl 512] Weighted Error Value: White=0.29 (precise) /Black=0.12 (very precise)} 0-1

[Event "MPL-4 Indian Chess Tour 2022"]
[Site "Chess24"]
[Date "2022.09.27"]
[Round "7.8"]
[White "Ganguly, Surya Shekhar"]
[Black "Mendonca, Leon Luke"]
[Result "1/2-1/2"]
[ECO "A00"]
[WhiteElo "2589"]
[BlackElo "2558"]
[Annotator "TA"]
[PlyCount "27"]
[EventDate "2022.09.29"]
[EventType "tourn (rapid)"]
[EventCountry "NET"]
[SourceTitle "playchess.com"]
[Source "ChessBase"]
[SourceQuality "1"]
[WhiteTeam "India"]
[BlackTeam "India"]
[WhiteTeamCountry "IND"]
[BlackTeamCountry "IND"]
[TimeControl "900+10"]

1. a3 h6 2. e4 c6 3. d4 d5 4. exd5 cxd5 {[%emt 0:00:02] [#]} 5. Bd3 $146 ({Predecessor:} 5. Nf3 Nc6 6. Bf4 Bg4 7. Be2 e6 8. c3 Bd6 9. Bxd6 Qxd6 10. O-O Nge7 11. a4 {½-½ (47) Maksimovic,B (2455)-Tari,A (2660) Chess.com INT 2022}) 5... Nc6 6. Ne2 {[%emt 0:00:06] A00: Irregular Openings.} Nf6 7. O-O Bg4 8. f3 Bd7 9. Qe1 e6 10. Qg3 Nh5 11. Qh3 Nf6 12. Qg3 {[%emt 0:00:36] The position is equal.} Nh5 13. Qh3 Nf6 14. Qg3 {[%emt 0:00:43] An uneventful encounter.  Weighted Error Value: White=0.05 (flawless) /Black=0.05 (flawless)} 1/2-1/2

[Event "MPL-4 Indian Chess Tour 2022"]
[Site "Chess24"]
[Date "2022.09.27"]
[Round "8.1"]
[White "Raja Harshit"]
[Black "Mendonca, Leon Luke"]
[Result "1/2-1/2"]
[ECO "B10"]
[WhiteElo "2459"]
[BlackElo "2558"]
[Annotator "TA"]
[PlyCount "72"]
[EventDate "2022.09.29"]
[EventType "tourn (rapid)"]
[EventCountry "NET"]
[SourceTitle "playchess.com"]
[Source "ChessBase"]
[SourceQuality "1"]
[WhiteTeam "India"]
[BlackTeam "India"]
[WhiteTeamCountry "IND"]
[BlackTeamCountry "IND"]
[TimeControl "900+10"]

1. e4 c6 2. Nf3 d5 3. d3 Qc7 4. Nc3 dxe4 5. Nxe4 Nf6 6. Nxf6+ {[%emt 0:01:17] B10: Caro-Kann: 2 d3 and 2 c4.} exf6 {[%emt 0:00:01] [#]} 7. Be3 $146 ({Predecessor:} 7. g3 Bd6 8. Bg2 O-O 9. O-O Re8 10. Nd2 Be6 11. Ne4 Nd7 12. Re1 Bf8 13. Bf4 {1-0 (63) Vachier Lagrave,M (2784)-Carlsen,M (2862) Chess.com INT 2020}) 7... Bd6 8. g3 O-O 9. Bg2 Nd7 10. O-O Ne5 11. Nxe5 fxe5 12. Qd2 Be6 13. Qc3 Rfe8 14. Rae1 Qd7 15. f4 f6 16. Be4 exf4 (16... Bh3 {is interesting.} 17. Rf2 f5 18. Bg2 exf4 19. Bxf4 Rxe1+ 20. Qxe1 Bxf4 21. Rxf4 Bxg2 22. Kxg2 Re8) 17. Bxf4 Bxf4 18. Rxf4 Bf7 19. Ref1 Re5 20. Bf3 Rae8 21. Qd4 {[%emt 0:00:08] The position is equal.} Qc7 22. Qxa7 Ra5 23. Qd4 Rxa2 24. Rg4 h5 25. Re4 Rxe4 26. Bxe4 Ra8 27. Qc5 Qa5 28. b4 Qxc5+ 29. bxc5 $11 {[%emt 0:00:00][%mdl 4096] Endgame KRB-KRB} Ra2 30. Rb1 Rxc2 31. Rxb7 {[%emt 0:00:02] [#] Threatens to win with Rb8+.} Bd5 32. Bg6 Kf8 33. Rb8+ Ke7 34. Rb7+ Kf8 35. Rb8+ Ke7 36. Rb7+ Kf8 {[%emt 0:00:15] A balanced but interesting game.  Weighted Error Value: White=0.05 (flawless) /Black=0.05 (flawless)} 1/2-1/2

[Event "MPL-4 Indian Chess Tour 2022"]
[Site "Chess24"]
[Date "2022.09.27"]
[Round "8.2"]
[White "Mohammad Nubairshah Shaikh"]
[Black "Ganguly, Surya Shekhar"]
[Result "0-1"]
[ECO "D27"]
[WhiteElo "2461"]
[BlackElo "2589"]
[Annotator "TA"]
[PlyCount "112"]
[EventDate "2022.09.29"]
[EventType "tourn (rapid)"]
[EventCountry "NET"]
[SourceTitle "playchess.com"]
[Source "ChessBase"]
[SourceQuality "1"]
[WhiteTeam "India"]
[BlackTeam "India"]
[WhiteTeamCountry "IND"]
[BlackTeamCountry "IND"]
[TimeControl "900+10"]

1. d4 d5 2. c4 dxc4 3. Nf3 Nf6 4. e3 e6 5. Bxc4 c5 6. O-O Nc6 7. Qe2 a6 $1 {[%emt 0:00:02][%mdl 4] now scores much better than the old 7...cxd4.} 8. a4 cxd4 9. Rd1 Bd6 {[%emt 0:00:01] D27: Queen's Gambit Accepted: Classical main line: 7 e4!? and 7 a4.} 10. exd4 {[%emt 0:00:08] aiming for d5.} O-O 11. Nc3 h6 {[%emt 0:00:01] The position is equal.} 12. Ne5 Qc7 13. Bf4 Rd8 {[%emt 0:00:32] [#]} 14. Rac1 $146 ({Predecessor:} 14. Nxc6 bxc6 15. Bxd6 Rxd6 16. a5 Bb7 17. b4 Rad8 18. Qe3 Qe7 19. Rab1 R6d7 20. h3 {½-½ (33) Gardner,A (2209)-Reed,A (2094) ICCF email 2018}) 14... Bd7 15. Ne4 Nxe4 16. Qxe4 Be8 17. h4 Qe7 18. Bg3 Rac8 19. Bd3 (19. h5 $11) 19... f5 $17 20. Qe3 Bxe5 21. Bxe5 Qxh4 22. Bc4 Bf7 23. Bf4 Qf6 24. Bb3 g5 (24... Rd7 $15) 25. Be5 $11 {[%emt 0:00:06] This bishop pair is nice.} Qg6 26. f4 Nxe5 27. dxe5 Rxc1 (27... gxf4 $15 28. Qxf4 Rxc1 29. Rxc1 Rd3 30. Rc8+ Kh7) 28. Rxc1 (28. Qxc1 $11 Rxd1+ 29. Bxd1) 28... gxf4 $17 29. Qxf4 Qg5 $36 {[%emt 0:00:01][%mdl 2048] Keeping White busy.} 30. g3 (30. Qxg5+ $17 hxg5 31. Rc7) 30... Rd3 $19 31. Rc3 $2 (31. Rc8+ Kg7 32. Qxg5+ hxg5 33. Rc3) 31... Qxf4 32. gxf4 Rxc3 $1 33. bxc3 {[%emt 0:00:01][%mdl 4096] Endgame KB-KB} a5 $1 34. Bc4 Kf8 35. Kf2 Ke7 36. Bb5 Bh5 37. Kg3 Kd8 38. Bc4 Be8 39. Bxe6 Bxa4 40. Bxf5 {[%emt 0:00:01] [#]} Bb3 $2 (40... Ke7 $1 $19 {...Bb3 is the strong threat.} 41. Be4 Bc6) 41. Kh4 $17 {[%emt 0:00:28] [#]} Ke7 ({Black should try} 41... Bd1 $1 $17 {Hoping for ...a4.} 42. Be4 b6) 42. Kh5 $11 a4 43. Bb1 Ke6 44. Kxh6 a3 {[%emt 0:00:00] ( -> ...a2)} 45. Kg7 $2 {[%emt 0:00:12][%mdl 8192] This move loses the game for White.} (45. Kg5 $11) 45... a2 {[%emt 0:00:02] Black mates.} 46. Bxa2 Bxa2 {[%emt 0:00:00] KB-K3P} 47. Kf8 Kf5 48. Ke7 Kxf4 {[%emt 0:00:01] KB-KPP} 49. Kd6 Kf5 50. Kc7 Bd5 51. c4 Bc6 52. Kd6 Ke4 53. e6 Kf5 54. Ke7 Ke5 55. Kf7 Kd4 56. e7 Kxc4 {[%emt 0:00:03] Weighted Error Value: White=0.40/Black=0.13 (very precise)} 0-1

[Event "MPL-4 Indian Chess Tour 2022"]
[Site "Chess24"]
[Date "2022.09.27"]
[Round "8.3"]
[White "Narayanan.S.L"]
[Black "Iniyan, P."]
[Result "0-1"]
[ECO "A05"]
[WhiteElo "2657"]
[BlackElo "2556"]
[Annotator "TA"]
[PlyCount "144"]
[EventDate "2022.09.29"]
[EventType "tourn (rapid)"]
[EventCountry "NET"]
[SourceTitle "playchess.com"]
[Source "ChessBase"]
[SourceQuality "1"]
[WhiteTeam "India"]
[BlackTeam "India"]
[WhiteTeamCountry "IND"]
[BlackTeamCountry "IND"]
[TimeControl "900+10"]

1. Nf3 Nf6 2. g3 g6 3. b3 Bg7 4. Bb2 O-O 5. Bg2 d5 6. c4 e6 {[%emt 0:00:12] A05: Réti Opening: 1 Nf3 Nf6.} 7. O-O c5 8. cxd5 (8. d4 $5 ) 8... exd5 {[%emt 0:00:00] The position is equal.} 9. d4 b6 10. Nc3 Re8 11. Rc1 {[%emt 0:00:06] [#]} Nbd7 $146 ({Predecessor:} 11... Ba6 12. Re1 Nbd7 13. dxc5 Nxc5 14. Rc2 Qd7 15. Rd2 Rad8 16. Qa1 Bh6 17. Rd4 Qe7 {½-½ (26) Nesic,D (2095)-Popovic,M (2138) Serbia 2006}) 12. dxc5 Nxc5 13. b4 Nce4 14. Nb5 Re7 {[%emt 0:00:41] Prevents Nc7.} 15. Nfd4 {[%emt 0:00:03] And now Nc6 would win.} Bb7 16. e3 (16. Nc6 $1 $14 Bxc6 17. Rxc6) 16... a6 $11 17. Nc3 $36 {[%emt 0:00:01][%mdl 2048] White has good play.} Qd6 18. Nxe4 Nxe4 19. a3 Rd8 20. Rc2 h5 21. Qa1 Bh6 22. Nf3 g5 ({Black should try} 22... Rc8 $14 23. Rxc8+ Bxc8) 23. Rfc1 h4 $2 (23... Rde8 $16) 24. Nd4 (24. gxh4 $6 gxh4 25. Nxh4 Qe6 $16) 24... Qd7 {[%emt 0:01:27] Prevents Rc6.} (24... Qg6 25. g4 Red7) 25. Nc6 $2 (25. Rc7 $18 {is the precise move to win.} Qxc7 26. Rxc7 Rxc7 27. Nf5) 25... Bxc6 $16 26. Rxc6 Re6 27. Rxe6 (27. Rc7 $16 Qd6 28. Bd4) 27... Qxe6 $11 28. Bd4 h3 29. Bh1 g4 30. Qb1 b5 31. Qc2 Nd6 32. Rd1 Rc8 33. Qd3 Ne4 {[%emt 0:00:11] Against Bc5} 34. f3 gxf3 35. Bxf3 Qf5 36. Rf1 Rc4 (36... Nxg3 37. Qxf5 Nxf5 38. Bg4 Nxd4 39. Bxc8 Bxe3+ 40. Kh1 $16) 37. Qe2 Nc3 38. Qf2 Ne4 (38... Bg7 $5 ) 39. Qe2 {[%emt 0:00:13] Strongly threatening Bh5.} Nc3 40. Qf2 Ne4 (40... Bg7 $5 ) 41. g4 Qg5 42. Qe2 (42. Bxe4 $5 Qxg4+ 43. Bg2 $1 (43. Kh1 $2 Qxe4+ 44. Kg1 Rxd4 $19) 43... Rxd4 44. Qxf7+ (44. exd4 $2 Be3 $19) 44... Kh8 45. Qe8+ Kh7 46. Rf7+ Bg7 47. Rxg7+ Qxg7 48. Qh5+ Kg8 49. Qe8+ Kh7 50. Qh5+ Kg8 51. Qe8+ Kh7 $11) 42... Bg7 43. Bxe4 dxe4 44. Bxg7 Kxg7 {[%emt 0:00:12][%mdl 4096] Endgame KQR-KQR} 45. Qb2+ ({Much weaker is} 45. Qf2 Qxg4+ 46. Kh1 Qg2+ 47. Qxg2+ hxg2+ 48. Kxg2 Rc3 $17) 45... Kg8 46. Kh1 Qxe3 {[%emt 0:00:02] ...Rc3 is the strong threat.} 47. Qf6 Qa7 48. Qg5+ Kf8 $1 49. Qh6+ Kg8 50. Qxh3 (50. Rf5 $11 f6 51. Rxf6) 50... e3 $15 {[%emt 0:00:08][%cal Be4e3,Be3e2][%mdl 32] Hoping for ...e2.} 51. Qf3 (51. Qh4 $1 $15) 51... Qe7 $17 52. Re1 (52. Kg2 $17 {is a better defense.}) 52... Rc3 $1 $19 53. g5 ({Reject} 53. Qa8+ Kg7 54. Qd5 Rxa3 55. Qd4+ Kg6 $19) 53... Rxa3 54. Qd5 $2 {[%emt 0:00:43] [#]} (54. Qc6) 54... e2 $1 55. g6 {[%emt 0:00:03] [#]} Re3 $1 56. gxf7+ Kf8 57. Kg2 (57. Qg2 $142 Qe4 58. Kg1 Kxf7 59. Qg5) 57... Qxb4 58. Qa8+ Kxf7 59. Qd5+ Kf6 60. Qc6+ Kg7 61. Qd7+ Qe7 62. Qg4+ Kh6 63. Kf2 Re4 (63... Qe4 $142 64. Qxe4 Rxe4 65. Kg3 a5 66. Kf3 Re7 67. Rxe2 Rxe2 68. Kxe2 a4 69. Kd3 b4 70. Kc4 a3 71. Kb3 Kg5 72. Ka2 Kg4 73. Kb3 Kh4 74. Kc2 Kh3 75. Kb3 Kxh2 76. Kc2 Kg3 77. Kb3 Kf4 78. Kc2 Ke4 79. Kb3 Kd3 80. Ka2 Kc3 81. Kb1 b3 82. Ka1 b2+ 83. Kb1 a2+ 84. Kxa2 Kc2 85. Ka3 b1=Q 86. Ka4 Qb6 87. Ka3 Qb3#) 64. Qh3+ Qh4+ 65. Qxh4+ Rxh4 66. Kxe2 $2 {[%emt 0:00:02] KR-KR} (66. Ra1 $19 Rxh2+ 67. Kg3 e1=Q+ 68. Rxe1) 66... Re4+ {[%emt 0:00:01] Black mates.} 67. Kd2 Rxe1 68. Kxe1 Kh5 69. Kd2 Kh4 70. Kc3 Kh3 71. Kb4 Kxh2 72. Ka5 Kg3 {[%emt 0:00:01] Black used his chance.  Weighted Error Value: White=0.62/Black=0.18 (very precise)} 0-1